 Dungeon Crawl Stone Soup version 0.26.1-2-gb8aa6d0cf2 (webtiles) character file.

Game seed: 1958325027383810304

2458 attacker the Fighter (level 9, -5/94 HPs)
             Began as a Hill Orc Fighter on Mar 26, 2021.
             Slain by Grum
             ... wielding a -2 vorpal spear
              (10 damage)
             ... on level 8 of the Dungeon.
             The game lasted 00:15:20 (7714 turns).

attacker the Fighter (Hill Orc Fighter)             Turns: 7714, Time: 00:15:21

Health: -5/94      AC:  8    Str: 22      XL:     9   Next: 50%
Magic:  9/9        EV: 11    Int:  8      God:
Gold:   373        SH:  0    Dex:  9 (10) Spells: 8/8 levels left

rFire    . . .     SeeInvis .   o - +4 quarterstaff (chaos)
rCold    . . .     Faith    .   (shield currently unavailable)
rNeg     . . .     Spirit   .   D - +2 robe {Will+}
rPois    .         Reflect  .   (no helmet)
rElec    .         Harm     .   p - +0 cloak
rCorr    .         Rampage  .   n - +2 pair of gloves
Will     +....                  (no boots)
Stlth    ++........             (no amulet)
HPRegen  0.25/turn              j - ring of stealth
MPRegen  0.11/turn              (no ring)

@: no status effects
A: no striking features
a: no special abilities


You were on level 8 of the Dungeon.
You visited 1 branch of the dungeon, and saw 8 of its levels.

You collected 373 gold pieces.

Inventory:

Hand Weapons
 a - a +0 war axe
 o - a +4 quarterstaff of chaos (weapon)
 q - a +0 mace
 C - a +0 glaive
 H - a +0 flail
 J - a +3 falchion
 N - a +0 halberd
Armour
 b - a +0 scale mail
 c - a +0 kite shield
 e - a cursed +0 ring mail
 n - a +2 pair of gloves (worn)
 p - a +0 cloak (worn)
 D - a +2 robe of willpower (worn)
 F - a +0 ring mail
 M - a +0 pair of boots
Magical Staves
 z - an uncursed staff of conjuration
Jewellery
 g - a cursed ring of attention {unknown}
 j - a ring of stealth (left hand)
 y - an uncursed amulet of magic regeneration
 L - a +6 ring of intelligence {unknown}
Wands
 t - a wand of random effects (50)
 v - a wand of acid (12)
Scrolls
 f - 7 scrolls of identify
 s - 3 scrolls of fog {unknown}
 u - 5 scrolls of teleportation {unknown}
 w - 2 scrolls of amnesia {unknown}
 A - 7 scrolls of remove curse
 E - a scroll of enchant armour
 G - 2 scrolls of enchant weapon
Potions
 d - a potion of might
 h - a potion of attraction {unknown}
 i - 3 potions of curing {unknown}
 k - a potion of resistance {unknown}
 l - a potion of cancellation {unknown}
 m - a potion of flight {unknown}
 r - 4 potions of degeneration {unknown}
 x - a potion of heal wounds {unknown}
 B - a potion of invisibility {unknown}
 I - 2 potions of brilliance {unknown}
 K - 3 potions of berserk rage {unknown}


   Skills:
 * Level 13.9 Fighting
 - Level 4.1 Axes
 - Level 0.5 Staves
 - Level 3.7 Armour
 - Level 0.8 Dodging
 - Level 4.1 Shields


You had 8 spell levels left.
You didn't know any spells.
Your spell library was empty.

Dungeon Overview and Level Annotations

Branches:
Dungeon (7/15)             Temple (0/1) D:6

Altars:
Dithmenos
Elyvilon
Gozag
Ru
Uskayaw
Vehumet
Xom
Yredelemnul

Shops:
D:4 [   D:6 :

Annotations:
D:8 Grum


Message History

You are too injured to fight recklessly!
You are too injured to fight recklessly!
You are too injured to fight recklessly!
You are too injured to fight recklessly!
You are too injured to fight recklessly!
You are too injured to fight recklessly!
You sock the hound!
The hound is poisoned.
The hound is severely wounded.
The wolf bites you but does no damage. The wolf barely misses you.
The hound completely misses you. The wolf barely misses you.
The wolf closely misses you. The wolf bites you but does no damage.
The hound bites you but does no damage. The wolf misses you.
You sock the hound!
You kill the hound!
The wolf barely misses you. The wolf bites you!
* * * LOW HITPOINT WARNING * * *
The wolf barely misses you. The wolf bites you.
* * * LOW HITPOINT WARNING * * *
Grum hits you from afar with a -2 vorpal spear!
You die...

#....# ...§
##....###§§§§
#........§§§§§
#.....W.§§§§§§
#.......§§M§§§
#.....nn.§§#
#.....g....#
#.....hhZ..#
#......@...#
#..........#
############


You could see Grum, a phantom (strong), 2 necrophages, 2 wolves, a mummy and a
killer bee zombie.

Vanquished Creatures
  The ghost of Tali the Chopper, a novice DsBe of Trog (D:6)
  The ghost of gnacko the Shield-Bearer, a novice GnFi (D:4)
  Grinder (D:5)
  2 black bears (D:6)
  A phantom (D:4)
  2 centaurs
  An ogre (D:5)
  Blork the orc (D:4)
  A bullfrog (D:6)
  5 wights (D:6)
  2 howler monkeys
  2 hounds
  5 orc priests
  Crazy Yiuf (D:2)
  A bullfrog skeleton (D:6)
  2 orc wizards (D:5)
  4 worker ants
  A killer bee zombie (D:6)
  A gnoll (D:6)
  A howler monkey skeleton (D:5)
  9 adders
  A shadow imp (D:5)
  An ufetubus (D:6)
  An adder zombie (D:1)
  2 worms
  5 dart slugs
  A leopard gecko (D:4)
  12 orcs
  6 bats
  4 giant cockroaches
  2 gnoll zombies (D:5)
  4 goblins
  6 hobgoblins
  2 jackals (D:5)
  8 kobolds
  A ball python (D:2)
  3 frilled lizards
  A giant cockroach zombie (D:1)
  A quokka zombie (D:7)
  3 rats
  A butterfly (D:6)
110 creatures vanquished.

Vanquished Creatures (others)
  3 plants (D:5)
3 creatures vanquished.

Grand Total: 113 creatures vanquished

Notes
Turn   | Place    | Note
-------+----------+-------------------------------------------
     0 | D:1      | attacker the Hill Orc Fighter began the quest for the Orb.
     0 | D:1      | Reached XP level 1. HP: 19/19 MP: 1/1
    80 | D:1      | Reached XP level 2. HP: 25/27 MP: 2/2
   302 | D:1      | Reached skill level 4 in Fighting
   523 | D:1      | Reached XP level 3. HP: 33/33 MP: 3/3
  1168 | D:2      | Found a runed translucent door.
  1169 | D:2      | Noticed Crazy Yiuf
  1226 | D:2      | Killed Crazy Yiuf
  1227 | D:2      | Reached XP level 4. HP: 40/40 MP: 4/4
  1755 | D:3      | Reached XP level 5. HP: 45/47 MP: 5/5
  1781 | D:3      | Found a sacrificial altar of Ru.
  1900 | D:3      | Found an opulent altar of Gozag.
  2165 | D:3      | Reached skill level 5 in Fighting
  2373 | D:3      | Found a radiant altar of Vehumet.
  2792 | D:4      | Found Vejev's Armour Shop.
  2891 | D:4      | Noticed Blork the orc
  2897 | D:4      | Reached skill level 6 in Fighting
  2897 | D:4      | Reached XP level 6. HP: 42/57 MP: 6/6
  2902 | D:4      | Killed Blork the orc
  3071 | D:4      | Found a runed translucent door.
  3072 | D:4      | Noticed gnacko's ghost (novice GnFi)
  3168 | D:4      | Killed gnacko's ghost
  3169 | D:4      | Reached skill level 8 in Fighting
  3169 | D:4      | Reached XP level 7. HP: 11/69 MP: 7/7
  3371 | D:4      | Reached skill level 9 in Fighting
  3834 | D:5      | Entered Level 5 of the Dungeon
  3927 | D:5      | Reached XP level 8. HP: 70/79 MP: 8/8
  4018 | D:5      | Reached skill level 10 in Fighting
  4261 | D:5      | Found a basalt altar of Yredelemnul.
  4564 | D:5      | Noticed Grinder
  4569 | D:5      | Killed Grinder
  4570 | D:5      | Reached skill level 11 in Fighting
  4989 | D:5      | Found a white marble altar of Elyvilon.
  5161 | D:5      | Found a shadowy altar of Dithmenos.
  5471 | D:6      | Reached skill level 12 in Fighting
  5516 | D:6      | Found a runed translucent gate.
  5517 | D:6      | Found a runed translucent gate.
  5517 | D:6      | Noticed Tali's ghost (novice DsBe)
  5518 | D:6      | Found a runed translucent gate.
  5599 | D:6      | Found a shimmering altar of Xom.
  5610 | D:6      | Reached XP level 9. HP: 62/91 MP: 9/9
  6067 | D:6      | Found a hide-covered altar of Uskayaw.
  6277 | D:6      | Found a staircase to the Ecumenical Temple.
  6278 | D:6      | Found Kakhlaush's Book Emporium.
  6324 | D:6      | Reached skill level 13 in Fighting
  6938 | D:6      | Killed Tali's ghost
  6971 | D:6      | HP: 4/94 [gnoll/+0 halberd (15)]
  7689 | D:7      | You fall into a shaft and drop 1 floor!
  7696 | D:8      | Noticed Grum
  7714 | D:8      | Slain by Grum

Illustrated notes

Levels and vault maps discovered:
D:1:      saegor_arrival_fortress, layout_basic, grunt_decor_cap
D:2:      layout_loops_ring, kennysheep_generic_room_11, uniq_crazy_yiuf_cottage
D:3:      layout_loops_ring, lemuel_coloured_pillars_altar,
          nicolae_ru_the_path_less_chosen, lemuel_round_altar
D:4:      minmay_door_path, layout_rooms, serial_shops, shop_statue,
          gammafunk_ghost_grave, st_stairs_7, uniq_blork_the_orc
D:5:      layout_loops_corners, kennysheep_mini,
          lemuel_zombie_altar_yredelemnul, grunt_dithmenos_shadows,
          nrook_campfire, serial_bayou_pond_b, uniq_grinder
D:6:      layout_gridville, eat_drink_and_be_merry_uskayaw, xom_butterflies,
          minmay_temple_entry_statues_pillars, gammafunk_ghost_split,
          serial_shops, nicolae_shop_window_shopping, dk_rats_in_the_wall
D:7:      layout_rooms, nzn_hepliaklqana_mist_gate,
          ashenzari_conservatory_becter
D:8:      layout_basic, special_room [special_room_orc], serial_undead,
          serial_undead_a, serial_undead_b, serial_undead_c, serial_undead_d,
          serial_undead_c, serial_undead_b, serial_undead_c, serial_undead_a,
          uniq_grum, uniq_prince_ribbit1, uniq_joseph

Skill      XL: |  1  2  3  4  5  6  7  8  9 |
---------------+----------------------------+-----
Axes           | 3 4 |  4.1
Fighting       | 4 6 8 9 12 13 | 13.9
Shields        | 4 |  4.1
Staves         | |  0.5
Armour         | |  3.7
Dodging        | |  0.8

Action                   |  1- 3 |  4- 6 |  7- 9 || total
-------------------------+-------+-------+-------++-------
Melee: War axe           |    99 |       |       ||    99
       Quarterstaff      |       |    99 |   169 ||   268
  Use: Scroll            |       |     4 |       ||     4
 Stab: Sleeping          |       |       |     2 ||     2
       Paralysed         |       |       |     1 ||     1
Armor: Scale mail        |    45 |    46 |       ||    91
       Robe              |       |     8 |    85 ||    93
Dodge: Dodged            |    35 |    54 |   177 ||   266
Block: Kite shield       |    50 |       |       ||    50
